 Dungeon Crawl Stone Soup version 0.21.0-25-ge575cb9 (webtiles) character file.

112 tidbits the Sneak (level 4, -3/38 HPs)
             Began as a Gnoll Assassin on Jan 26, 2018.
             Was an Initiate of Cheibriados.
             Slain by a worker ant (6 damage)
             ... on level 5 of the Dungeon.
             The game lasted 00:05:04 (489 turns).

tidbits the Sneak (Gnoll Assassin)                   Turns: 489, Time: 00:05:04

Health: -3/38      AC:  3    Str: 13 (14) XL:     4   Next: 93%
Magic:  5/5        EV: 13    Int: 13 (15) God:    Cheibriados [......]
Gold:   128        SH:  0    Dex: 17 (18) Spells: 5/5 levels left

rFire    . . .     SeeInvis .   b - +0 blowgun
rCold    . . .     Gourm    .   (no shield)
rNeg     . . .     Faith    .   B - +0 robe
rPois    .         Spirit   .   (no helmet)
rElec    .         Reflect  .   C - +0 cloak
rCorr    .         Harm     .   (no gloves)
MR       .....                  (no boots)
Stlth    ++++......             (no amulet)
HPRegen  0.12/turn              (no ring)
MPRegen  0.09/turn              (no ring)

@: very slow
A: distributed training, fangs 1, mutation resistance 1, sense surroundings 1,
strong nose
a: Bend Time, Renounce Religion


You were on level 5 of the Dungeon.
You worshipped Cheibriados.
Cheibriados was noncommittal.
You were not hungry.

You visited 1 branch of the dungeon, and saw 5 of its levels.

You collected 128 gold pieces.

Inventory:

Hand Weapons
 a - a +2 dagger
 b - a +0 blowgun (weapon)
 h - a cursed +0 hunting sling
 m - a +0 quarterstaff
 n - a cursed +0 dagger
 r - a +3 flail
Missiles
 e - 31 poisoned needles (quivered)
 f - a curare-tipped needle
Armour
 B - a +0 robe (worn)
 C - a +0 cloak (worn)
Scrolls
 j - a scroll of remove curse {unknown}
 l - a scroll of teleportation
 q - a scroll of amnesia {unknown}
Potions
 i - a potion of curing
Comestibles
 g - 3 rations


   Skills:
 + Level 4.7 Fighting
 + Level 4.7 Short Blades
 + Level 1.2 Long Blades
 + Level 1.2 Axes
 + Level 1.2 Maces & Flails
 + Level 1.2 Polearms
 + Level 1.2 Staves
 + Level 1.2 Slings
 + Level 1.2 Bows
 + Level 1.2 Crossbows
 + Level 4.7 Throwing
 + Level 1.2 Armour
 + Level 2.8 Dodging
 + Level 7.9 Stealth
 + Level 1.2 Shields
 + Level 1.2 Unarmed Combat
 + Level 1.2 Spellcasting
 + Level 1.0 Conjurations
 + Level 1.0 Hexes
 + Level 1.0 Charms
 + Level 1.0 Summonings
 + Level 1.0 Necromancy
 + Level 1.0 Translocations
 + Level 1.0 Transmutations
 + Level 1.0 Fire Magic
 + Level 1.0 Ice Magic
 + Level 1.0 Air Magic
 + Level 1.0 Earth Magic
 + Level 1.0 Poison Magic
 + Level 1.4 Invocations
 + Level 1.2 Evocations


You had 5 spell levels left.
You didn't know any spells.

Dungeon Overview and Level Annotations

Branches:
Dungeon (5/15)
 Temple: D:4-7

Altars:
Cheibriados


Innate Abilities, Weirdness & Mutations

Your experience applies equally to all skills.
You have very sharp teeth.
Your uncanny sense of smell can sniff out nearby items.
You are somewhat resistant to further mutation.
You passively map a small area around you.


Message History

Your Hexes skill increases to level 1!
Your Charms skill increases to level 1!
Your Summonings skill increases to level 1!
Your Necromancy skill increases to level 1!
Your Translocations skill increases to level 1!
Your Transmutations skill increases to level 1!
Your Fire Magic skill increases to level 1!
Your Ice Magic skill increases to level 1!
Your Air Magic skill increases to level 1!
Your Earth Magic skill increases to level 1!
Your Poison Magic skill increases to level 1!
The orc shouts!
You hear a shout!
You hear an angry hiss.
The orc hits you but does no damage.
An orc comes into view. It is wielding a dagger.
It was a potion of mutation.
You feel extremely strange.
You feel genetically stable.
You feel a strange attunement to the structure of the dungeons.
The orc barely misses you.
The centaur wields a shortbow.
The centaur shoots an arrow.
The arrow hits you!
A centaur comes into view. It is wielding a shortbow.
Okay, then.
It was a potion of degeneration.
There was something very wrong with that liquid.
You feel weakened.
You feel dopey.
You feel clumsy. The orc closely misses you.
b - a +0 blowgun (weapon)
A hound comes into view.
Firing (i - inventory. (,) - cycle):
f - a curare-tipped needle (quivered)
Press: ? - help, Shift-Dir - straight line, f - centaur
Aim: a centaur, wielding a shortbow
Okay, then.
As you read the scroll of teleportation, it crumbles to dust.
You feel strangely unstable.
The orc hits you from afar with a trident!
* * * LOW HITPOINT WARNING * * *
The hound barks!
You hear a shout! x2
The orc hits you from afar with a trident.
* * * LOW HITPOINT WARNING * * *
Your surroundings suddenly seem different.
A hound and an orc come into view.
Wield which item (- for none, * to show all)? (? for menu, Esc to quit)
Okay, then.
Quiver which item? (- for none, * to show all) (? for menu, Esc to quit)
Quivering
e - 36 poisoned needles for blowguns.
Firing (i - inventory. (,) - cycle):
e - 36 poisoned needles (quivered)
Press: ? - help, Shift-Dir - straight line, f - hound
Aim: a hound (resting)
You shoot a poisoned needle. The poisoned needle hits the hound!
The hound is poisoned.
The hound barks!
You hear a bark!
The hound moves out of view.
The orc shouts!
A hound comes into view.
A worker ant comes into view.
The worker ant bites you but does no damage.
The worker ant misses you.
Okay, then.
The worker ant closely misses you.
Firing (i - inventory. (,) - cycle):
e - 35 poisoned needles (quivered)
Press: ? - help, Shift-Dir - straight line, f - orc
Aim: an orc You shoot a poisoned needle.
The poisoned needle hits the worker ant.
The worker ant is poisoned.
The worker ant bites you.
* * * LOW HITPOINT WARNING * * *
Firing (i - inventory. (,) - cycle):
e - 34 poisoned needles (quivered)
Press: ? - help, Shift-Dir - straight line, f/p - orc
Aim: an orc You shoot a poisoned needle.
The poisoned needle closely misses the worker ant.
The poisoned needle closely misses the orc.
The worker ant closely misses you.
Firing (i - inventory. (,) - cycle):
e - 33 poisoned needles (quivered)
Press: ? - help, Shift-Dir - straight line, f/p - orc
Aim: an orc You shoot a poisoned needle.
The poisoned needle closely misses the worker ant.
The poisoned needle hits the orc!
The orc is poisoned.
The worker ant completely misses you.
Firing (i - inventory. (,) - cycle):
e - 32 poisoned needles (quivered)
Press: ? - help, Shift-Dir - straight line, f - hound, p - orc
Aim: a hound (severely wounded, poisoned)
You shoot a poisoned needle.
The poisoned needle hits the worker ant!
The worker ant looks even sicker.
The worker ant is moderately wounded.
The worker ant bites you.
* * * LOW HITPOINT WARNING * * *
Unknown command.
Quiver which item? (- for none, * to show all) (? for menu, Esc to quit)
Quivering
k - a throwing net {!f} for throwing.
Throwing (i - inventory. (,) - cycle):
k - a throwing net (quivered)
{!f}
Press: ? - help, Shift-Dir - straight line, f/p - hound
Aim: a hound (severely wounded, poisoned) Really fire
k - a throwing net {!f}?
You throw a throwing net {!f}.
The throwing net {!f} barely misses the worker ant.
The throwing net {!f} hits the hound.
The hound is caught in the net!
The hound is severely wounded.
The hound struggles against the net.
The worker ant bites you.
You die...

* ** * *
########.##
#.........#
#.######..#
#.# #.# , ,
#@# ##a# ,
,* #.o###.#
, #h#....#
* * *
#(.###.#
#..# , #..#
* *
#.#......h
*
#.##..#...


You could see a hound (caught), a worker ant and an orc.

Vanquished Creatures
  A water moccasin skeleton (D:4)
  An orc wizard (D:5)
  An adder (D:2)
  3 worms
  A dart slug (D:1)
  2 orcs
  2 hobgoblins (D:3)
  4 kobolds
  A ball python (D:2)
  A bat (D:2)
  A rat (D:2)
18 creatures vanquished.

Notes
Turn   | Place    | Note
-------+----------+-------------------------------------------
     0 | D:1      | tidbits the Gnoll Assassin began the quest for the Orb.
     0 | D:1      | Reached XP level 1. HP: 20/20 MP: 1/1
   144 | D:2      | Reached XP level 2. HP: 26/26 MP: 2/2
   203 | D:3      | Reached XP level 3. HP: 31/31 MP: 3/3
   258 | D:3      | Found a snail-covered altar of Cheibriados.
   265 | D:3      | Became a worshipper of Cheibriados the Contemplative
   328 | D:4      | Reached skill level 1 in Long Blades
   328 | D:4      | Reached skill level 1 in Axes
   328 | D:4      | Reached skill level 1 in Maces & Flails
   328 | D:4      | Reached skill level 1 in Polearms
   328 | D:4      | Reached skill level 1 in Staves
   328 | D:4      | Reached skill level 1 in Slings
   328 | D:4      | Reached skill level 1 in Bows
   328 | D:4      | Reached skill level 1 in Crossbows
   328 | D:4      | Reached skill level 1 in Armour
   328 | D:4      | Reached skill level 1 in Shields
   328 | D:4      | Reached skill level 1 in Unarmed Combat
   328 | D:4      | Reached skill level 1 in Spellcasting
   328 | D:4      | Reached skill level 1 in Invocations
   328 | D:4      | Reached skill level 1 in Evocations
   328 | D:4      | Reached XP level 4. HP: 8/38 MP: 3/5
   398 | D:5      | Entered Level 5 of the Dungeon
   459 | D:5      | Reached skill level 1 in Conjurations
   459 | D:5      | Reached skill level 1 in Hexes
   459 | D:5      | Reached skill level 1 in Charms
   459 | D:5      | Reached skill level 1 in Summonings
   459 | D:5      | Reached skill level 1 in Necromancy
   459 | D:5      | Reached skill level 1 in Translocations
   459 | D:5      | Reached skill level 1 in Transmutations
   459 | D:5      | Reached skill level 1 in Fire Magic
   459 | D:5      | Reached skill level 1 in Ice Magic
   459 | D:5      | Reached skill level 1 in Air Magic
   459 | D:5      | Reached skill level 1 in Earth Magic
   459 | D:5      | Reached skill level 1 in Poison Magic
   460 | D:5      | Gained mutation: You are somewhat resistant to further mutation. [potion of mutation]
   460 | D:5      | Gained mutation: You passively map a small area around you. [potion of mutation]
   461 | D:5      | Noticed a centaur
   488 | D:5      | HP: 3/38 [worker ant (5)]
   489 | D:5      | Slain by a worker ant

Skill      XL: |  1  2  3  4 |
---------------+-------------+-----
Long Blades    | 1 |  1.2
Axes           | 1 |  1.2
Maces & Flails | 1 |  1.2
Polearms       | 1 |  1.2
Staves         | 1 |  1.2
Slings         | 1 |  1.2
Bows           | 1 |  1.2
Crossbows      | 1 |  1.2
Armour         | 1 |  1.2
Shields        | 1 |  1.2
Unarmed Combat | 1 |  1.2
Spellcasting   | 1 |  1.2
Invocations    | 1 |  1.4
Evocations     | 1 |  1.2
Conjurations   | 1 |  1.0
Hexes          | 1 |  1.0
Charms         | 1 |  1.0
Summonings     | 1 |  1.0
Necromancy     | 1 |  1.0
Translocations | 1 |  1.0
Transmutations | 1 |  1.0
Fire Magic     | 1 |  1.0
Ice Magic      | 1 |  1.0
Air Magic      | 1 |  1.0
Earth Magic    | 1 |  1.0
Poison Magic   | 1 |  1.0
Fighting       | |  4.7
Short Blades   | |  4.7
Throwing       | |  4.7
Dodging        | |  2.8
Stealth        | |  7.9

Action                   |  1- 3 |  4- 6 || total
-------------------------+-------+-------++-------
Melee: Dagger            |    42 |     4 ||    46
       Bite              |     8 |       ||     8
 Fire: Blowgun           |     1 |     5 ||     6
Throw: Throwing net      |       |     1 ||     1
  Use: Potion            |     1 |     2 ||     3
       Scroll            |     1 |     1 ||     2
 Stab: Sleeping          |     8 |     4 ||    12
Armor: Robe              |     1 |     2 ||     3
Dodge: Dodged            |    15 |     6 ||    21

Table legend:
 A = Turns spent in this place as a percentage of turns spent in the entire game.
 B = Non-inter-level travel turns spent in this place as a percentage of non-inter-level travel turns spent in the entire game.
 C = Inter-level travel turns spent in this place as a percentage of turns spent in this place.
 D = Turns resting spent in this place as a percentage of non-inter-level travel turns spent in this place.
 E = Turns spent auto-exploring this place as a percentage of non-inter-level travel turns spent in this place.
 F = Non-inter-level travel turns spent in this place divided by the number of levels of this place that you've seen.
                   A       B       C       D       E      F
               +-------+-------+-------+-------+-------+----------------------
         Total | 100.0 | 100.0 |   0.0 |   0.0 |   0.0 |  97.8
       Dungeon | 100.0 | 100.0 |   0.0 |   0.0 |   0.0 |  97.8
               +-------+-------+-------+-------+-------+----------------------

Table legend:
 A = Kills in this place as a percentage of kills in entire the game.
 B = Kills by you in this place as a percentage of kills by you in the entire game.
 C = Kills by friends in this place as a percentage of kills by friends in the entire game.
 D = Other kills in this place as a percentage of other kills in the entire game.
 E = Experience gained in this place as a percentage of experience gained in the entire game.
 F = Experience gained in this place divided by the number of levels of this place that you have seen.
                   A       B       C       D       E      F
               +-------+-------+-------+-------+-------+----------------------
         Total | 100.0 | 100.0 |   N/A |   N/A | 100.0 |  32.0
       Dungeon | 100.0 | 100.0 |   N/A |   N/A | 100.0 |  32.0
               +-------+-------+-------+-------+-------+----------------------

Vault maps used:
D:1:      dpeg_arrival_castle
D:2:      nicolae_ru_the_path_less_chosen
D:3:      tso_oasis_becter, cheibriados_altar_1, minmay_misc_feat_alley,
          uniq_robin
D:4:      lemuel_doored_altar, uniq_edmund
D:5:      elyvilon_altar_5, first_ration, basic_altar, uniq_eustachio
